 Dungeon Crawl Stone Soup version 0.30.1-4-g462c640d31 (webtiles) character file.

Game seed: 4333208247273913533

44 anacleto the Magician (level 3, -2/19 HPs)
             Began as a Deep Elf Fire Elementalist on Aug 19, 2023.
             Killed themself with a badly aimed concussive blast (18 damage)
             ... on level 1 of the Dungeon.
             The game lasted 00:06:08 (996 turns).

anacleto the Magician (Deep Elf Fire Elementalist)   Turns: 996, Time: 00:06:09

Health: -2/19      AC:  2    Str:  5    XL:     3   Next: 39%
Magic:  7/10       EV: 12    Int: 21    God:
Gold:   52         SH:  0    Dex: 15    Spells: 1/10 levels left

rFire   . . .        (no weapon)
rCold   . . .        (no shield)
rNeg    . . .        a - +0 robe
rPois   .            (no helmet)
rElec   .            (no cloak)
rCorr   .            (no gloves)
SInv    .            (no boots)
Will    .....        (no amulet)
Stlth   ++           (no ring)
HPRegen 0.23/turn    (no ring)
MPRegen 0.12/turn

%: no passive effects
@: no status effects
A: no striking features
a: no special abilities


You were on level 1 of the Dungeon.
You visited 1 branch of the dungeon, and saw 1 of its levels.

You collected 52 gold pieces.

Inventory:

Hand Weapons
 h - a +0 dagger of draining
Missiles
 g - a throwing net
Armour
 a - a +0 robe (worn)
Jewellery
 e - an amulet of magic regeneration
Scrolls
 c - 3 scrolls of enchant armour {unknown}
 d - a scroll of blinking {unknown}
 f - a scroll of identify {unknown}
Potions
 b - a potion of magic


   Skills:
 - Level 2.4 Dodging
 - Level 2.4 Stealth
 + Level 4.0 Spellcasting
 + Level 2.2 Conjurations
 + Level 3.9 Fire Magic


You had one spell level left.
You knew the following spells:

 Your Spells              Type           Power      Damage    Failure   Level
a - Foxfire               Conj/Fire      68%        2x1d7     3%          1
b - Scorch                Fire           40%        2d7       3%          2
c - Volatile Blastmotes   Fire/Tloc      24%        2d12      16%         3
d - Inner Flame           Hex/Fire       12%        N/A       16%         3

Your spell library contained the following spells:

 Spells                   Type           Power      Damage    Failure   Level
 Flame Wave               Conj/Fire      17%        2d7       34%         4


Dungeon Overview and Level Annotations

Branches:
Dungeon (1/15)

Altars:


Message History

Casting: Foxfire (safe; 3% risk of failure)
Confirm with . or Enter, or press ? or * to list all spells.
Okay, then.
Okay, then.
Found a robe.
Things that are here:
a +0 dagger; 2 stones You see here a hobgoblin skeleton.
You open the door.
There is an open door here.
A goblin opens the door.
It is wielding a +0 dagger.
Casting: Foxfire (safe; 3% risk of failure)
Confirm with . or Enter, or press ? or * to list all spells.
The spell is extremely dangerous to miscast (16% risk of failure)!
Continue anyway? [Y]es or [N]o only, please.
The spell is extremely dangerous to miscast (16% risk of failure)!
Continue anyway?
A cloud of volatile blastmotes flares up around you!
The goblin shouts!
You hear a shout!
A goblin comes into view. It is wielding a +0 dagger.
The goblin hits you but does no damage.
Really attack while wielding nothing? [Y]es or [N]o only, please.
Really attack while wielding nothing? [Y]es or [N]o only, please.
Really attack while wielding nothing? [Y]es or [N]o only, please.
Really attack while wielding nothing? [Y]es or [N]o only, please.
Really attack while wielding nothing? [Y]es or [N]o only, please.
Really attack while wielding nothing?
Okay, then.
The goblin hits you but does no damage. The goblin closely misses you.
The goblin hits you with a +0 dagger.
The cloud of blastmotes explodes!
The concussive blast engulfs the goblin!!
You kill the goblin!
The concussive blast engulfs you!!
Ouch! That really hurt!
You die...

##### #...# ###### #g#####
#...# #..... #>....# #...#
#.####
####.###)#####...####..###
........@g..'.........÷..
####.#######'##.>.###..###.
#§≈≈.≈≈§###...#######....##
+§≈§≈≈≈.'.....#....##......
#≈...§.§###...#....+.......
#≈≈.<.≈≈###..##....###.....
#≈.§...≈##....#..........##
+.≈§≈§§.'..##.#........###.
#≈≈§.≈≈≈#####.#.....#......


You could see a goblin.

Vanquished Creatures
  3 dart slugs (D:1)
  5 bats (D:1)
  4 endoplasms (D:1)
  A giant cockroach (D:1)
  6 goblins (D:1)
  4 hobgoblins (D:1)
  2 kobolds (D:1)
  A quokka (D:1)
  4 ball pythons (D:1)
  2 frilled lizards (D:1)
  3 rats (D:1)
35 creatures vanquished.

Vanquished Creatures (others)
  45 foxfires (D:1)
45 creatures vanquished.

Grand Total: 80 creatures vanquished

Notes
Turn   | Place    | Note
-------+----------+-------------------------------------------
     0 | D:1      | anacleto the Deep Elf Fire Elementalist began the quest for
                  | the Orb.
     0 | D:1      | Reached XP level 1. HP: 10/10 MP: 6/6
   174 | D:1      | Reached XP level 2. HP: 15/15 MP: 5/8
   209 | D:1      | Learned a level 2 spell: Scorch
   552 | D:1      | Reached XP level 3. HP: 6/19 MP: 0/10
   790 | D:1      | Learned a level 3 spell: Volatile Blastmotes
   794 | D:1      | Learned a level 3 spell: Inner Flame
   828 | D:1      | Reached skill level 4 in Spellcasting
   996 | D:1      | Killed themself with a badly aimed concussive blast

Illustrated notes

Levels and vault maps discovered:
D:1:      ncdulo_lavacross, layout_basic, minmay_unequal

Skill      XL: |  1  2  3 |
---------------+----------+-----
Conjurations   | 2 |  2.2
Spellcasting   | 4 |  4.0
Dodging        | |  2.4
Stealth        | |  2.4
Fire Magic     | |  3.9

Action                     || total
---------------------------++-------
  Melee: Unarmed           ||     1
   Cast: Foxfire           ||    27
         Scorch            ||    18
         Volatile Blastmot ||     2
 Armour: Robe              ||    15
  Dodge: Dodged            ||    26
